[Event "ICC tourney 2046 (75 10)"]
[Site "Internet Chess Club"]
[Date "2020.10.11"]
[Round "5"]
[White "dkt2011"]
[Black "jojoraman"]
[Result "0-1"]
[ICCResult "White checkmated"]
[WhiteElo "1222"]
[BlackElo "1365"]
[Opening "Van't Kruijs opening"]
[ECO "A00"]
[Time "11:04:00"]
[TimeControl "4500+10"]

1. e3 d5 2. d4 Bf5 3. c3 e6 4. b3 Nf6 5. Ba3 Bxa3 6. Nxa3 c6 7. Nf3 Nbd7 8.
g3 Ne4 9. Rc1 Qa5 10. Nb1 Qxa2 11. Nbd2 Qa5 12. Nxe4 Bxe4 13. Bg2 Qc7 14.
O-O O-O 15. Bh3 Nf6 16. Ng5 Rfe8 17. Nxe4 Nxe4 18. Kg2 Qa5 19. Qd3 Ng5 20.
Bg4 f5 21. Be2 Nf7 22. c4 a6 23. g4 Nd6 24. gxf5 Nxf5 25. cxd5 cxd5 26. e4
dxe4 27. Qxe4 Qb6 28. Rc3 Qxd4 29. Qf3 Nh4+ 30. Kg3 Nxf3 31. Rxf3 Qe5+ 32.
Kg2 Qxe2 33. Rg1 Rf8 34. Rg3 Rxf2+ 35. Kh3 Rxh2# {White checkmated} 0-1

[Event "ICC tourney 2046 (75 10)"]
[Site "Internet Chess Club"]
[Date "2020.10.11"]
[Round "5"]
[White "jjplaman"]
[Black "Sirichess"]
[Result "0-1"]
[ICCResult "White resigns"]
[WhiteElo "1411"]
[BlackElo "1527"]
[Opening "Giuoco Pianissimo: Italian four knights variation"]
[ECO "C50"]
[NIC "IG.02"]
[Time "11:03:10"]
[TimeControl "4500+10"]

1. e4 e5 2. Nf3 Nc6 3. Bc4 Bc5 4. Nc3 Nf6 5. d3 O-O 6. Bg5 Be7 7. O-O d6 8.
Qd2 Be6 9. Nd5 h6 10. Be3 Nh7 11. Nxe7+ Qxe7 12. Bb5 Bd7 13. Bc4 a6 14. Bd5
Rab8 15. Rae1 Nf6 16. Bb3 Bg4 17. Nh4 Nxe4 18. Ng6 Nxd2 19. Nxe7+ Nxe7 20.
Bxd2 Be6 21. f4 Bxb3 22. axb3 Nc6 23. Bc3 exf4 24. Rxf4 Rfe8 25. Ref1 Re7
26. Rg4 Ne5 27. Rg3 Rbe8 28. Re1 Kh7 29. Re4 Ng6 30. Rb4 c6 31. h4 f6 32. h5
Ne5 33. Rd4 d5 34. Rf4 Nf7 35. Rf2 Ng5 36. Bb4 Re2 37. Bc3 Rxf2 38. Kxf2 Kg8
39. Re3 Rxe3 40. Kxe3 Ne6 41. Bd4 Kf7 42. c4 g6 43. g4 gxh5 44. gxh5 Nxd4
45. Kxd4 Ke6 46. cxd5+ cxd5 47. b4 b5 48. b3 Kd6 49. Ke3 Ke5 50. d4+ Kf5 51.
Kf3 Kg5 52. Kg3 Kxh5 53. Kf4 Kg6 54. Kg4 h5+ 55. Kf4 f5 56. Kf3 Kg5 57. Kg3
f4+ 58. Kf3 h4 59. Kg2 Kg4 60. Kh2 f3 61. Kh1 Kg3 62. Kg1 f2+ 63. Kf1 h3
{White resigns}
0-1

[Event "ICC tourney 2046 (75 10)"]
[Site "Internet Chess Club"]
[Date "2020.10.11"]
[Round "5"]
[White "JavierDix"]
[Black "RockyWang"]
[Result "0-1"]
[ICCResult "White resigns"]
[WhiteElo "1390"]
[BlackElo "767"]
[Opening "Queen's pawn game"]
[ECO "D02"]
[NIC "QP.08"]
[Time "11:03:42"]
[TimeControl "4500+10"]

1. d4 d5 2. Nf3 Bg4 3. Bf4 Nf6 4. h3 Bh5 5. e3 a6 6. Be2 Nc6 7. Nbd2 e6 8.
Ne5 Bxe2 9. Qxe2 Bd6 10. Ndf3 Nd7 11. c3 Ndxe5 12. dxe5 Bc5 13. Rd1 O-O 14.
Qd3 h6 15. h4 Be7 16. g4 Qe8 17. Bxh6 gxh6 18. Ng5 Bxg5 19. hxg5 Nxe5 20.
Qc2 Nf3+ 21. Ke2 Nxg5 22. Rxh6 Qb5+ 23. Kd2 Ne4+ 24. Kc1 Kg7 25. g5 Rh8 26.
f3 Nxg5 27. Rxh8 Rxh8 28. Rg1 Kf8 29. Qg2 f6 30. f4 Rg8 31. fxg5 Rxg5 32.
Qf2 Rxg1+ 33. Qxg1 Qe2 34. Qg3 e5 35. Qh3 Ke7 36. Qh7+ Kd6 37. Qh6 Qf1+ 38.
Kd2 c5 39. Qf8+ Kc6 40. Qc8+ Kd6 41. Qd8+ Ke6 42. Qc8+ Kf7 43. Qxb7+ Ke6 44.
Qxa6+ Qxa6 {White resigns} 0-1

[Event "ICC tourney 2046 (75 10)"]
[Site "Internet Chess Club"]
[Date "2020.10.11"]
[Round "5"]
[White "PSelvin"]
[Black "charlestxie"]
[Result "0-1"]
[ICCResult "White resigns"]
[WhiteElo "1487"]
[BlackElo "1347"]
[Opening "French: Winawer, advance, positional main line"]
[ECO "C19"]
[NIC "FR.12"]
[Time "11:03:45"]
[TimeControl "4500+10"]

1. e4 e6 2. d4 d5 3. Nc3 Bb4 4. e5 c5 5. a3 Bxc3+ 6. bxc3 Ne7 7. Nf3 c4 8.
Be2 Nbc6 9. O-O O-O 10. a4 a5 11. Ba3 Re8 12. Rb1 b6 13. Qd2 Bd7 14. Qg5 h6
15. Qg3 Nf5 16. Qf4 Nce7 17. Kh1 Bxa4 18. Qd2 Ng6 19. Ne1 Rb8 20. Bh5 Nf8
21. Rg1 Nh7 22. f4 g6 23. g4 Ng7 24. f5 exf5 25. Qxh6 Qg5 26. Bc1 Qxh6 27.
Bxh6 fxg4 28. Bxg4 Re7 29. Rg3 Bd7 30. Bf3 Nf5 31. Rh3 Nxd4 32. cxd4 Bxh3
33. Bxd5 Be6 34. Be4 Rd7 35. Nf3 Bd5 36. Re1 Bxe4 37. Rxe4 Re8 38. c3 a4 39.
Bc1 f5 40. Re1 Rd5 41. Ba3 Kf7 42. Rb1 Rb8 43. Rb4 b5 44. Nd2 Rbd8 45. Rb1
Ng5 46. Bc5 Rxc5 47. dxc5 Rxd2 48. Rxb5 {White resigns} 0-1

[Event "ICC tourney 2046 (75 10)"]
[Site "Internet Chess Club"]
[Date "2020.10.11"]
[Round "5"]
[White "chess278"]
[Black "dangdang2000"]
[Result "1-0"]
[ICCResult "Black resigns"]
[WhiteElo "1415"]
[BlackElo "1187"]
[Opening "Bird's opening"]
[ECO "A03"]
[NIC "VO.07"]
[Time "11:03:56"]
[TimeControl "4500+10"]

1. f4 d5 2. Nf3 Nf6 3. e3 e6 4. d4 Nc6 5. c3 Bd6 6. Bd3 Bd7 7. Nbd2 Qe7 8.
O-O O-O-O 9. b4 h6 10. Ne5 Bxe5 11. fxe5 Nh7 12. a4 Ng5 13. Ba3 Qe8 14. Qe2
Ne7 15. b5 Nf5 16. Bc5 Kb8 17. a5 b6 18. axb6 cxb6 19. Bxf5 exf5 20. Bd6+
Kb7 21. Rfb1 Ne6 22. c4 Ra8 23. c5 a5 24. bxa6+ Kc8 25. cxb6 {Black resigns}
1-0

[Event "ICC tourney 2046 (75 10)"]
[Site "Internet Chess Club"]
[Date "2020.10.11"]
[Round "5"]
[White "Levymeister"]
[Black "Vidipkona"]
[Result "0-1"]
[ICCResult "White resigns"]
[WhiteElo "1360"]
[BlackElo "1459"]
[Opening "Sicilian defense"]
[ECO "B20"]
[NIC "SI.48"]
[Time "11:03:11"]
[TimeControl "4500+10"]

1. e4 c5 2. Be2 d6 3. f4 Nf6 4. d3 e6 5. Nf3 Nc6 6. O-O Be7 7. Kh1 O-O 8.
Be3 d5 9. e5 Nd7 10. c3 b6 11. d4 Bb7 12. Nbd2 Rc8 13. a3 a6 14. Qe1 cxd4
15. cxd4 Na5 16. Bd3 Nc4 17. Rb1 b5 18. g4 f6 19. Bf2 fxe5 20. fxe5 Nxd2 21.
Nxd2 Nb6 22. h4 Nc4 23. g5 Qa5 24. b4 Qxa3 25. Rb3 Qa2 26. Qe2 Qxd2 27. Qh5
Rf5 28. Bxf5 exf5 29. Be1 Qxd4 30. g6 hxg6 31. Qxg6 Qxe5 32. Bg3 Qf6 33. Qh5
g6 34. Qe2 d4+ 35. Kh2 Ne3 36. Rxe3 dxe3 37. Qxe3 Rc2+ 38. Rf2 Rxf2+ 39.
Qxf2 Qc6 40. Qa2+ Qd5 41. Qxd5+ Bxd5 42. Be1 Kf7 43. Kg3 Bd6+ 44. Kf2 Ke6
45. Ke3 f4+ 46. Kd4 Bc6 47. Kd3 Kf5 48. Kc3 Ke4 {White resigns} 0-1

[Event "ICC tourney 2046 (75 10)"]
[Site "Internet Chess Club"]
[Date "2020.10.11"]
[Round "5"]
[White "kbendre"]
[Black "otcm"]
[Result "1/2-1/2"]
[ICCResult "Game drawn because neither player has mating material"]
[WhiteElo "1337"]
[BlackElo "1523"]
[Opening "Sicilian: Smith-Morra gambit"]
[ECO "B21"]
[NIC "SI.48"]
[Time "11:03:17"]
[TimeControl "4500+10"]

1. e4 c5 2. d4 cxd4 3. c3 dxc3 4. Nxc3 Nc6 5. Nf3 d6 6. Bc4 a6 7. e5 dxe5 8.
Qxd8+ Nxd8 9. Nd5 Ne6 10. Nxe5 f6 11. Nd3 b5 12. Bb3 Bd7 13. O-O Rc8 14. Re1
Rc6 15. N3b4 Rd6 16. Rxe6 Rxe6 17. Nc7+ Kf7 18. Bxe6+ Bxe6 19. Nxe6 Kxe6 20.
Nxa6 Kd6 21. Bf4+ e5 22. Rd1+ Kc6 23. Be3 Be7 24. Nb8+ Kc7 25. Nd7 Nh6 26.
Nb6 Nf5 27. Nd5+ Kc6 28. g4 Nxe3 29. Nxe7+ Kc5 30. fxe3 Kc4 31. Nf5 Ra8 32.
Nd6+ Kb4 33. Rd5 Ra5 34. Kf2 g5 35. Ke2 h6 36. Kd2 Ka4 37. Kc3 b4+ 38. Kc4
Ra6 39. b3+ Ka3 40. Nb5+ Kxa2 41. Kxb4 Rc6 42. Rd6 Rc2 43. Ra6+ Kb2 44. Rxf6
Rxh2 45. Re6 Rh4 46. Rxe5 Rxg4+ 47. Nd4 h5 48. Re6 h4 49. Rh6 Re4 50. Kc4
Rxe3 51. Nf3 Rxf3 52. b4 h3 53. b5 g4 54. b6 Rb3 55. Kc5 g3 56. Rxh3 g2 57.
Rh2 Rg3 58. b7 Rg5+ 59. Kb6 Kc1 60. Rxg2 Rxg2 61. b8=Q Rb2+ 62. Kc7 Rxb8 63.
Kxb8 {Game drawn because neither player has mating material} 1/2-1/2

[Event "ICC tourney 2046 (75 10)"]
[Site "Internet Chess Club"]
[Date "2020.10.11"]
[Round "5"]
[White "Attack1010"]
[Black "beibeiolivia"]
[Result "1/2-1/2"]
[ICCResult "Game drawn by mutual agreement"]
[WhiteElo "1461"]
[BlackElo "1270"]
[Opening "Queen's pawn game"]
[ECO "D00"]
[NIC "QP.08"]
[Time "11:03:08"]
[TimeControl "4500+10"]

1. d4 d5 2. e3 Bf5 3. c4 c6 4. Nc3 Nf6 5. Qb3 Qd7 6. Nf3 e6 7. Ne5 Qc7 8.
Bd2 Nbd7 9. f4 Be7 10. Rc1 Qb6 11. Qxb6 axb6 12. h3 h6 13. cxd5 exd5 14. g4
Bh7 15. Bd3 Nxe5 16. dxe5 Bxd3 17. exf6 Bxf6 18. a3 Kd7 19. Kf2 Rhe8 20.
Rhd1 Bh4+ 21. Kf3 Bc4 22. Be1 Bf6 23. Rd2 b5 24. Ne2 Re7 25. Nd4 g6 26. Bf2
Rae8 27. Rb1 Ba2 28. Rc1 Bc4 29. Rb1 Bxd4 30. Rxd4 Bb3 31. Rc1 Re4 32. Rc3
Rxd4 33. exd4 Bc4 34. Re3 Re6 35. b4 Kd6 36. h4 f6 37. f5 gxf5 38. gxf5
Rxe3+ 39. Bxe3 h5 40. Kf4 Bd3 41. Bf2 Bc2 42. Be3 b6 43. Bf2 Bd1 44. Bg1 Bc2
45. Bf2 Kd7 46. Bg1 Be4 47. Be3 Ke7 48. Bg1 Kd6 49. Bf2
{Game drawn by mutual agreement}
1/2-1/2

[Event "ICC tourney 2046 (75 10)"]
[Site "Internet Chess Club"]
[Date "2020.10.11"]
[Round "5"]
[White "agore"]
[Black "Supersamraat"]
[Result "1-0"]
[ICCResult "Black checkmated"]
[WhiteElo "1414"]
[BlackElo "1529"]
[Opening "French: advance, Paulsen attack"]
[ECO "C02"]
[NIC "FR.03"]
[Time "11:03:09"]
[TimeControl "4500+10"]

1. e4 e6 2. d4 d5 3. e5 c5 4. c3 Nc6 5. Nf3 Qb6 6. Qc2 cxd4 7. cxd4 Bd7 8.
Be3 Rc8 9. Nc3 Nge7 10. Qd2 Nf5 11. a3 Nxe3 12. fxe3 Na5 13. Rb1 Nc4 14.
Bxc4 Rxc4 15. O-O Be7 16. Ne2 O-O 17. Rfc1 Rfc8 18. b4 Rxc1+ 19. Rxc1 Rxc1+
20. Qxc1 Qc6 21. Qc3 Qxc3 22. Nxc3 Kf8 23. Nd2 f6 24. exf6 gxf6 25. Kf2 a6
26. Nb3 b6 27. Ke2 Bd6 28. g3 h5 29. e4 Bc6 30. exd5 Bxd5 31. Nxd5 exd5 32.
Kf3 Kf7 33. h3 Kg6 34. Nd2 Kf5 35. Nf1 Ke6 36. Ne3 f5 37. Ng2 a5 38. bxa5 b5
39. Nf4+ Kd7 40. a6 Kc6 41. Nxd5 Bxa3 42. a7 Kb7 43. Nc7 Kxa7 44. Nxb5+ Kb6
45. Nxa3 Kc6 46. Kf4 Kd5 47. Kxf5 Kxd4 48. Kg5 Ke5 49. Kxh5 Kf6 50. g4 Kg7
51. g5 Kh7 52. g6+ Kg7 53. Kg5 Kf8 54. Kf6 Kg8 55. g7 Kh7 56. Kf7 Kh6 57.
g8=Q Kh5 58. Qg4+ Kh6 59. Qg6# {Black checkmated} 1-0

[Event "ICC tourney 2046 (75 10)"]
[Site "Internet Chess Club"]
[Date "2020.10.11"]
[Round "5"]
[White "magicpup"]
[Black "strangerthingz"]
[Result "1-0"]
[ICCResult "Black checkmated"]
[WhiteElo "1532"]
[BlackElo "1404"]
[Opening "Scotch game"]
[ECO "C45"]
[NIC "SO.05"]
[Time "11:03:08"]
[TimeControl "4500+10"]

1. e4 e5 2. Nf3 Nc6 3. d4 exd4 4. Nxd4 Bc5 5. Nxc6 dxc6 6. Qxd8+ Kxd8 7. Bc4
Ke8 8. Nc3 h6 9. Bf4 Bd6 10. Be3 Ke7 11. Bd4 f6 12. Rd1 Be6 13. Bxe6 Kxe6
14. Be3 Ne7 15. Ne2 Kf7 16. Nd4 Rad8 17. c3 Rhe8 18. f3 Ng6 19. Nf5 a6 20.
Kf2 Ne7 21. Nxe7 Rxe7 22. Rd2 Red7 23. Rhd1 Ke6 24. h3 a5 25. Rd4 b5 26.
R4d2 Be7 27. Ke2 c5 28. Rxd7 Rxd7 29. Rxd7 Kxd7 30. Kd3 Kc6 31. b3 Kb7 32.
c4 c6 33. Kc3 Bd6 34. a4 Kb6 35. Kd3 Ka6 36. Ke2 b4 37. f4 Kb7 38. Kf3 Kc7
39. Kg4 Kd7 40. Kf5 Ke7 41. e5 Bc7 42. Bxc5+ Kf7 43. e6+ Ke8 44. g3 g5 45.
fxg5 fxg5 46. g4 Bd8 47. Kg6 Be7 48. Bxe7 Kxe7 49. Kxh6 Kxe6 50. Kxg5 Ke5
51. h4 Kd4 52. h5 Kc3 53. h6 Kxb3 54. h7 Ka2 55. h8=Q b3 56. Kf4 b2 57. Qh2
Ka1 58. Qg1+ b1=Q 59. Qxb1+ Kxb1 60. g5 Kb2 61. g6 Kb3 62. g7 Kxa4 63. g8=Q
Ka3 64. Qg3+ Kb4 65. Qe1+ Ka4 66. Qa1+ Kb4 67. Qb2+ Ka4 68. Ke4 c5 69. Qb5+
Ka3 70. Qxa5+ Kb3 71. Qxc5 Ka4 72. Qb5+ Ka3 73. Kd3 Ka2 74. Kc3 Ka3 75. Qa5#
{Black checkmated}
1-0

[Event "ICC tourney 2046 (75 10)"]
[Site "Internet Chess Club"]
[Date "2020.10.11"]
[Round "5"]
[White "Jeffchess"]
[Black "georgianknight"]
[Result "0-1"]
[ICCResult "White checkmated"]
[WhiteElo "1303"]
[BlackElo "1524"]
[Opening "Sicilian: closed, 2...Nc6"]
[ECO "B23"]
[NIC "SI.44"]
[Time "11:03:05"]
[TimeControl "4500+10"]

1. e4 c5 2. Nc3 Nc6 3. Bb5 d6 4. f4 Bd7 5. Nf3 Nf6 6. O-O e6 7. d3 a6 8.
Bxc6 bxc6 9. Re1 d5 10. f5 Be7 11. Bg5 h6 12. Bh4 O-O 13. Bxf6 Bxf6 14. e5
Be7 15. f6 gxf6 16. Qd2 Kh7 17. g3 f5 18. h4 Rg8 19. Kh2 Rg7 20. Ne2 f6 21.
exf6 Bxf6 22. c3 e5 23. d4 e4 24. Ne5 Bxe5 25. dxe5 Qe7 26. Qe3 Qxe5 27.
Qxc5 Rag8 28. Rg1 Qe7 29. Qb6 Ra8 30. Nd4 Qd8 31. Qc5 Qe7 32. Nb3 Qxc5 33.
Nxc5 Bc8 34. b3 Raa7 35. Rad1 Rge7 36. Rg2 e3 37. Re2 f4 38. Rf1 fxg3+ 39.
Kxg3 Rg7+ 40. Kh2 Rg4 41. Rxe3 Rxh4+ 42. Kg3 Rh3+ 43. Kf2 Rf7+ 44. Ke2 Rxe3+
45. Kxe3 Rxf1 46. Kd4 Rf4+ 47. Ke5 Rf5+ 48. Kd6 Rf6+ 49. Kc7 Bg4 50. Kb6 Be2
51. Nd7 Rf7 52. Ne5 Re7 53. Nxc6 Re6 54. Kc5 h5 55. Kxd5 Rxc6 56. Kxc6 h4
57. Kd5 h3 58. Kc5 h2 59. Kb4 h1=Q 60. a3 Qb7+ 61. Ka4 Qb5# {White
checkmated} 0-1

[Event "ICC tourney 2046 (75 10)"]
[Site "Internet Chess Club"]
[Date "2020.10.11"]
[Round "5"]
[White "siddarth1"]
[Black "Electryon"]
[Result "0-1"]
[ICCResult "White checkmated"]
[WhiteElo "1508"]
[BlackElo "1335"]
[Opening "Scandinavian (center counter) defense"]
[ECO "B01"]
[NIC "VO.17"]
[Time "11:03:10"]
[TimeControl "4500+10"]

1. e4 d5 2. exd5 Qxd5 3. d4 c6 4. c4 Qd8 5. h3 Bf5 6. Nc3 e6 7. Nf3 Nf6 8.
Bd3 Bxd3 9. Qxd3 Bd6 10. a3 Nbd7 11. Qc2 O-O 12. O-O e5 13. Be3 exd4 14.
Bxd4 Re8 15. Rad1 Qc7 16. Rfe1 Bc5 17. Bxc5 Nxc5 18. b4 Ne6 19. Ne4 Nxe4 20.
Qxe4 Rad8 21. Rxd8 Qxd8 22. Nd4 Nc7 23. Qb1 Qxd4 24. Rxe8+ Nxe8 25. Qe1 Qd7
26. Qc3 h6 27. Qe3 b6 28. c5 bxc5 29. Qxc5 Qd1+ 30. Kh2 Qd6+ 31. Qxd6 Nxd6
32. Kg3 Kf8 33. Kf4 Ke7 34. Kf3 Ke6 35. Ke2 Kd5 36. Kd3 c5 37. bxc5 Kxc5 38.
Kc3 a5 39. Kb3 Kb5 40. a4+ Kc5 41. f3 Kd4 42. g4 Ke3 43. f4 Kxf4 44. Kc3 Kg3
45. Kd4 Kxh3 46. Kd5 Nb7 47. Kc6 Nd8+ 48. Kb5 Kxg4 49. Kxa5 Kf5 50. Kb6 Ke6
51. a5 Kd7 52. a6 Nc6 53. Kb7 h5 54. a7 Nxa7 55. Kxa7 h4 56. Kb6 h3 57. Kc5
h2 58. Kd4 h1=Q 59. Ke3 Ke6 60. Kf4 Kf6 61. Kg4 Qf1 62. Kg3 Kf5 63. Kh2 Qf4+
64. Kg2 Ke4 65. Kh3 Qg5 66. Kh2 Kf3 67. Kh1 Qg2# {White checkmated} 0-1

[Event "ICC tourney 2046 (75 10)"]
[Site "Internet Chess Club"]
[Date "2020.10.11"]
[Round "5"]
[White "Dayman"]
[Black "ChessMindTT"]
[Result "1-0"]
[ICCResult "Black checkmated"]
[WhiteElo "1577"]
[BlackElo "1377"]
[Opening "Ruy Lopez: closed, Averbach variation"]
[ECO "C90"]
[NIC "RL.16"]
[Time "11:03:08"]
[TimeControl "4500+10"]

1. e4 e5 2. Nf3 Nc6 3. Bb5 a6 4. Ba4 Nf6 5. O-O Be7 6. Re1 d6 7. c3 b5 8.
Bb3 Bb7 9. d4 O-O 10. Bg5 h6 11. Bh4 Re8 12. Nbd2 Nh7 13. Bg3 Bf8 14. Bd5
exd4 15. cxd4 Rb8 16. Qb3 Qd7 17. Qc3 Nf6 18. Bb3 Ne7 19. e5 dxe5 20. dxe5
Nfd5 21. Qd4 Nf5 22. Qg4 Rbd8 23. Ne4 Nxg3 24. Qxg3 Kh8 25. Rad1 Qe6 26. Nc3
c5 27. Ne4 c4 28. Nd6 Bxd6 29. exd6 Qd7 30. Rxe8+ Rxe8 31. Bc2 Nb4 32. Ne5
Rxe5 33. Qxe5 Nxc2 34. Qe7 Bc8 35. a3 b4 36. Qe4 Qf5 37. Qxf5 Bxf5 38. d7
Bxd7 39. Rxd7 bxa3 40. bxa3 Nxa3 41. Kf1 Nb5 42. Rxf7 a5 43. Rb7 Nd6 44. Ra7
Kh7 45. Rxa5 Kg6 46. Ke2 Kf6 47. Ra6 Ke5 48. f4+ Kd5 49. Ra7 Nf5 50. g4 Nd4+
51. Ke3 Ne6 52. f5 Nc5 53. Rxg7 c3 54. Rc7 Kc4 55. Rxc5+ Kxc5 56. Kd3 Kd5
57. h4 Ke5 58. Kxc3 h5 59. g5 Kxf5 60. Kd4 Ke6 61. Ke4 Kf7 62. Kf5 Kg7 63.
g6 Kg8 64. Kg5 Kg7 65. Kxh5 Kg8 66. Kg5 Kg7 67. h5 Kg8 68. h6 Kh8 69. g7+
Kg8 70. Kf6 Kh7 71. Kf7 Kxh6 72. g8=Q Kh5 73. Qg3 Kh6 74. Qg4 Kh7 75. Qg7#
{Black checkmated}
1-0

[Event "ICC tourney 2046 (75 10)"]
[Site "Internet Chess Club"]
[Date "2020.10.11"]
[Round "6"]
[White "Jeffchess"]
[Black "dkt2011"]
[Result "1-0"]
[ICCResult "Black checkmated"]
[WhiteElo "1311"]
[BlackElo "1220"]
[Opening "Giuoco Piano: four knights variation"]
[ECO "C47"]
[NIC "KP.06"]
[Time "14:48:13"]
[TimeControl "4500+10"]

1. e4 e5 2. Nf3 Nc6 3. Nc3 Nf6 4. Bc4 Bc5 5. Bxf7+ Kxf7 6. Nxe5+ Nxe5 7. d4
Bb6 8. dxe5 Ne8 9. h4 Rf8 10. Qd5+ Ke7 11. Bg5+ Nf6 12. exf6+ gxf6 13. O-O-O
fxg5 14. hxg5 Rf7 15. g6 hxg6 16. Qg5+ Ke8 17. Rh8+ Rf8 18. Qxg6+ Ke7 19.
Nd5# {Black checkmated} 1-0

[Event "ICC tourney 2046 (75 10)"]
[Site "Internet Chess Club"]
[Date "2020.10.11"]
[Round "6"]
[White "PSelvin"]
[Black "siddarth1"]
[Result "0-1"]
[ICCResult "White resigns"]
[WhiteElo "1486"]
[BlackElo "1547"]
[Opening "Sicilian: closed, 2...Nc6"]
[ECO "B23"]
[NIC "SI.44"]
[Time "14:48:12"]
[TimeControl "4500+10"]

1. e4 c5 2. Nc3 Nc6 3. f3 e6 4. f4 Nf6 5. Bb5 d5 6. Bxc6+ bxc6 7. e5 Nd7 8.
d4 cxd4 9. Qxd4 Bc5 10. Qa4 Qb6 11. Nf3 Bf2+ 12. Kf1 Ba6+ 13. Ne2 Nc5 14.
Qa3 Ne4 15. Rb1 Qb5 16. Qd3 Qb6 17. Qd1 Bh4 18. Nd4 Nf2 {White resigns} 0-1

[Event "ICC tourney 2046 (75 10)"]
[Site "Internet Chess Club"]
[Date "2020.10.11"]
[Round "6"]
[White "Levymeister"]
[Black "Dayman"]
[Result "0-1"]
[ICCResult "White resigns"]
[WhiteElo "1393"]
[BlackElo "1577"]
[Opening "KGA: Quaade gambit"]
[ECO "C37"]
[NIC "KG.01"]
[Time "14:48:12"]
[TimeControl "4500+10"]

1. e4 e5 2. f4 exf4 3. Nf3 g5 4. Nc3 d6 5. g3 Bg4 6. gxf4 gxf4 7. d4 Bh6 8.
Bg2 Bxf3 9. Qxf3 Qh4+ 10. Ke2 Nc6 11. Kd3 Nb4+ 12. Kd2 Qf6 13. Ne2 O-O-O 14.
e5 dxe5 15. Qxb7+ Kd7 16. Bh3+ Ke8 17. Qxb4 f3+ 18. Ke1 Qh4+ 19. Ng3 Qxh3
20. Qb5+ Kf8 21. Qxe5 Re8 {White resigns} 0-1

[Event "ICC tourney 2046 (75 10)"]
[Site "Internet Chess Club"]
[Date "2020.10.11"]
[Round "6"]
[White "jojoraman"]
[Black "jjplaman"]
[Result "0-1"]
[ICCResult "White checkmated"]
[WhiteElo "1347"]
[BlackElo "1429"]
[Opening "Caro-Kann: Panov-Botvinnik attack"]
[ECO "B13"]
[NIC "CK.02"]
[Time "14:48:14"]
[TimeControl "4500+10"]

1. e4 c6 2. d4 d5 3. exd5 cxd5 4. c4 e6 5. Nc3 Nc6 6. Be3 Bb4 7. cxd5 exd5
8. Qb3 Nf6 9. Nf3 O-O 10. Be2 Qe7 11. O-O Qd6 12. a3 Bxc3 13. bxc3 Qc7 14.
Bg5 Ne4 15. Bd2 Bg4 16. Rfd1 Rad8 17. h3 Bh5 18. g4 Bg6 19. Nh4 Ng3 20. fxg3
Qxg3+ 21. Ng2 Be4 22. Bf1 f5 23. g5 f4 24. Bxf4 Rxf4 25. Rd2 Rdf8 26. Rb2
Rf2 27. c4 R8f3 28. Qxb7 Nxd4 29. Qxa7 Rxb2 30. Qxd4 Rxf1+ 31. Kxf1 Qxg2+
32. Ke1 Qe2# {White checkmated} 0-1

[Event "ICC tourney 2046 (75 10)"]
[Site "Internet Chess Club"]
[Date "2020.10.11"]
[Round "6"]
[White "georgianknight"]
[Black "kbendre"]
[Result "1-0"]
[ICCResult "Black checkmated"]
[WhiteElo "1512"]
[BlackElo "1290"]
[Opening "Sicilian: Canal-Sokolsky attack, 3...Bd7"]
[ECO "B52"]
[NIC "SI.01"]
[Time "14:48:10"]
[TimeControl "4500+10"]

1. e4 c5 2. Nf3 d6 3. Bb5+ Bd7 4. Bxd7+ Nxd7 5. O-O g6 6. c3 Bg7 7. d4 cxd4
8. cxd4 Rc8 9. Nc3 Ngf6 10. Re1 Nb6 11. Bd2 Nfd7 12. Rc1 O-O 13. Be3 a6 14.
Qd2 Nc4 15. Qe2 b5 16. b3 Nxe3 17. Qxe3 Qb6 18. Nd5 Qd8 19. Rxc8 Qa5 20.
Rxf8+ Nxf8 21. Qd2 Qd8 22. Qc3 e6 23. Ne3 Nd7 24. Rc1 h6 25. Qc8 Qxc8 26.
Rxc8+ Kh7 27. Rc1 Nf6 28. e5 dxe5 29. dxe5 Nd7 30. Rc7 Nxe5 31. Nxe5 Bxe5
32. Rxf7+ Bg7 33. Ra7 h5 34. Rxa6 e5 35. Rb6 b4 36. Rxb4 Kh6 37. a4 Bf8 38.
Rb7 Bg7 39. a5 e4 40. Rxg7 Kxg7 41. a6 Kh6 42. a7 Kg5 43. a8=Q Kh4 44. Qxe4+
Kg5 45. h4+ Kh6 46. Qe8 g5 47. Qe6+ Kg7 48. hxg5 h4 49. Nf5+ Kf8 50. Qf6+
Ke8 51. Qe7# {Black checkmated} 1-0

[Event "ICC tourney 2046 (75 10)"]
[Site "Internet Chess Club"]
[Date "2020.10.11"]
[Round "6"]
[White "tjsathyan"]
[Black "amdink"]
[Result "0-1"]
[ICCResult "White resigns"]
[WhiteElo "1262"]
[BlackElo "1340"]
[Opening "Ruy Lopez: Anderssen variation"]
[ECO "C77"]
[NIC "RL.12"]
[Time "14:48:22"]
[TimeControl "4500+10"]

1. e4 e5 2. Nf3 Nc6 3. Bb5 a6 4. Ba4 Nf6 5. d3 b5 6. Bb3 Bc5 7. O-O O-O 8.
Bg5 h6 9. Bh4 b4 10. Bg3 d6 11. Nbd2 Bg4 12. h3 Bh5 13. c3 bxc3 14. bxc3 Rb8
15. Bh2 Na7 16. g4 Bg6 17. Nh4 Bh7 18. c4 Nc6 19. Nhf3 Nd4 20. Nxd4 Bxd4 21.
Rb1 Nd7 22. Nf3 Ba7 23. Re1 Nc5 24. Kg2 Qf6 25. Bg3 Ne6 26. Bh4 Qg6 27. Bg3
h5 28. Nh4 Qh6 29. gxh5 Nf4+ 30. Kh2 Nxh5 31. Nf5 Bxf5 32. exf5 Nxg3 33.
fxg3 Qg5 34. Qg4 Qd2+ 35. Re2 Qxd3 36. f6 g6 37. Rf1 Rfe8 38. Rfe1 Re6 39.
Qh4 Rbe8 40. c5 Bxc5 41. Bxe6 Rxe6 42. Qe4 Qc3 43. Qa8+ Kh7 44. Qd8 e4 45.
Qxc7 Bg1+ 46. Kxg1 Qxc7 47. Rxe4 Rxf6 48. Re7 Qc5+ 49. Kh1 Qh5 50. Kg2 Qd5+
51. R7e4 Qxa2+ 52. R1e2 Qd5 53. Kg1 Re6 54. Rxe6 fxe6 55. Kf2 a5 {White
resigns} 0-1

[Event "ICC tourney 2046 (75 10)"]
[Site "Internet Chess Club"]
[Date "2020.10.11"]
[Round "6"]
[White "Supersamraat"]
[Black "adinanda"]
[Result "1-0"]
[ICCResult "Black checkmated"]
[WhiteElo "1550"]
[BlackElo "1262"]
[Opening "Queen's pawn, Mason variation"]
[ECO "D00"]
[NIC "QP.08"]
[Time "14:48:10"]
[TimeControl "4500+10"]

1. d4 d5 2. Bf4 Nf6 3. e3 e6 4. Nd2 c5 5. c3 Nc6 6. Ngf3 Bd7 7. Bd3 Be7 8.
h3 Qb6 9. Qb3 Qxb3 10. axb3 O-O 11. O-O a6 12. Ne5 Nxe5 13. Bxe5 cxd4 14.
exd4 b5 15. b4 Ne8 16. Nb3 Bc6 17. Nc5 f6 18. Bh2 Bxc5 19. bxc5 f5 20. Be5
h6 21. b4 g5 22. Ra2 Kf7 23. Rfa1 Kg6 24. Rxa6 Rxa6 25. Rxa6 Bd7 26. Ra5 Kh5
27. Bxb5 Bxb5 28. Rxb5 f4 29. c6 Rf7 30. Rb7 Rf5 31. c7 Nxc7 32. Rxc7 g4 33.
hxg4+ Kxg4 34. b5 f3 35. Rg7+ Kh4 36. g3+ Kh3 37. Rg6 h5 38. g4 Rf8 39. gxh5
Kh4 40. Bf6+ Kxh5 41. Rg5+ Kh6 42. Bg7+ Kxg5 43. Bxf8 Kf5 44. b6 e5 45. dxe5
Kxe5 46. b7 d4 47. cxd4+ Kxd4 48. b8=Q Kd3 49. Qb3+ Ke4 50. Qe3+ Kf5 51. Bc5
Kg4 52. Qe4+ Kg5 53. Qxf3 Kh6 54. Qg4 Kh7 55. Bf8 Kh8 56. Qg8+ Kxg8 57. Bc5
Kf7 58. Kg2 Ke6 59. Kg3 Kd5 60. Ba3 Ke6 61. f4 Kf7 62. Kg4 Kg6 63. f5+ Kf7
64. Kg5 Kg8 65. f6 Kf7 66. Kf5 Ke8 67. Ke6 Kd8 68. f7 Kc7 69. f8=Q Kc6 70.
Qd6+ Kb7 71. Qc5 Ka8 72. Qb4 Ka7 73. Kd6 Ka8 74. Kc7 Ka7 75. Qa4#
{Black checkmated}
1-0

[Event "ICC tourney 2046 (75 10)"]
[Site "Internet Chess Club"]
[Date "2020.10.11"]
[Round "6"]
[White "beibeiolivia"]
[Black "ivo20"]
[Result "1-0"]
[ICCResult "Black checkmated"]
[WhiteElo "1284"]
[BlackElo "1324"]
[Opening "Philidor's defense"]
[ECO "C41"]
[NIC "KP.10"]
[Time "14:48:10"]
[TimeControl "4500+10"]

1. e4 e5 2. Nf3 d6 3. Bc4 Qe7 4. c3 h6 5. d3 Be6 6. Bb3 Bxb3 7. Qxb3 c6 8.
Be3 Nf6 9. Nbd2 Qd7 10. Nf1 Be7 11. Ng3 Nh7 12. Nf5 O-O 13. O-O Ng5 14.
Nxe7+ Qxe7 15. Nxg5 hxg5 16. Rfe1 Na6 17. Qc2 g6 18. Qe2 Nc7 19. Qg4 Ne6 20.
Bd2 Kg7 21. Re3 Rh8 22. Rg3 Rh4 23. Qf3 Rah8 24. h3 Nf4 25. Bxf4 gxf4 26.
Rg4 Rxg4 27. Qxg4 Rh4 28. Qf3 g5 29. Rd1 Qe6 30. Kf1 g4 31. hxg4 Rxg4 32.
Ke2 Qg6 33. Rg1 f5 34. exf5 Qxf5 35. Kd2 d5 36. Rh1 e4 37. Qh3 e3+ 38. Ke2
Kf6 39. Qh8+ Rg7 40. Qd8+ Kf7 41. Qc7+ Kg6 42. Qd6+ Kf7 43. Qc7+ Kg6 44.
Qd6+ Kf7 45. Rh4 exf2 46. Rxf4 f1=Q+ 47. Kxf1 Qxf4+ 48. Qxf4+ Kg8 49. Kg1
Rf7 50. Qg5+ Rg7 51. Qd8+ Kh7 52. Qh4+ Kg8 53. g4 Kf7 54. Kg2 Rg6 55. Kg3
Kg7 56. g5 Kf7 57. Qh7+ Rg7 58. Qf5+ Kg8 59. g6 a6 60. Qc8# {Black
checkmated} 1-0